 Dungeon Crawl Stone Soup version 0.32-a0-834-geaf45d8e21 (webtiles) character file.

Game seed: 1516193480105337540

57 Xavori the Trooper (level 4, 35/35 HPs)
             Began as a Djinni Chaos Knight on Mar 26, 2024.
             Was a Plaything of Xom.
             Quit the game on level 1 of the Dungeon.
             The game lasted 00:02:14 (9930 turns).

Xavori the Trooper (Djinni Chaos Knight)            Turns: 9930, Time: 00:02:15

Health: 35/35      AC:  8    Str:  9    XL:     4   Next: 18%
Gold:   66         EV: 11    Int: 14    God:    Xom [...*..] SH:  0 Dex: 14

rFire   + + +        a - +0 falchion (chaos)
rCold   x . .        (no shield)
rNeg    . . .        b - +2 leather armour
rPois   ∞            (no helmet)
rElec   .            f - +0 cloak
rCorr   .            (no gloves)
SInv    .            (boots unavailable)
Will    .....        (no amulet)
Stlth   +            (no ring)
HPRegen 0.25/turn    (no ring)
MPRegen 0.00/turn

%: no passive effects
@: flying
A: sickness immunity, fire resistance 3, cold vulnerability 1, float, innate
caster, HP casting, extra vitality 1, iridescent scales 1, teleportitis 1, weak
1, inability to read after injury 1
a: Renounce Religion


You were on level 1 of the Dungeon.
You worshipped Xom.
You were a favourite toy of Xom.
You visited 1 branch of the dungeon, and saw 2 of its levels.

You collected 66 gold pieces.

Inventory:

Hand Weapons
 a - a +0 falchion of chaos (weapon)
Armour
 b - a +2 leather armour (worn)
 f - a +0 cloak (worn)
Scrolls
 c - a scroll of butterflies
 d - 4 scrolls of teleportation {unknown}
 e - 4 scrolls of identify {unknown}
 h - a scroll of enchant weapon {unknown}
 l - a scroll of immolation {unknown}
Potions
 g - a potion of invisibility {unknown}
 i - a potion of haste {unknown}
 j - 2 potions of attraction {unknown}
 k - a potion of brilliance {unknown}
 m - a potion of curing {unknown}


   Skills:
 + Level 3.3 Fighting
 + Level 3.0 Long Blades
 + Level 1.6 Armour
 + Level 2.6 Dodging
 * Level 1.3 Spellcasting
 * Level 1.3 Conjurations
 * Level 1.3 Hexes
   Level 0.0 Charms
 * Level 1.3 Summonings
 * Level 1.3 Necromancy
 * Level 1.3 Translocations
   Level 0.0 Transmutations
 * Level 1.3 Fire Magic
 * Level 1.3 Ice Magic
 * Level 1.3 Air Magic
 * Level 1.3 Earth Magic
 * Level 1.3 Alchemy


You knew the following spells:

 Your Spells              Type           Power      Damage    Failure   Level
a - Sting                 Conj/Alch      16%        1d4       21%         1
Your spell library was empty.

Dungeon Overview and Level Annotations

Branches:
Dungeon (2/15)

Altars:

Shops:
D:1 *


Innate Abilities, Weirdness & Mutations

You are immune to sickness and miasma.
You are immune to poison.
Your flesh is almost immune to the effects of heat. (rF+++)
You are vulnerable to cold. (rC-)
You float through the air rather than walking.
You learn spells naturally, not from books.
Your magical power is your life essence.
You have superior vitality. (+4 MHP)
You are partially covered in iridescent scales. (AC +2)
You are occasionally teleported next to monsters.
You are weak. (Str -2)
You occasionally lose the ability to read scrolls when taking damage.


Message History

You hit the ball python.
You kill the ball python!
The ball python's corpse degenerates into a cloud of primal chaos!
The kobold hits you but does no damage.
You hit the kobold but do no damage.
The kobold is poisoned.
The kobold hits you but does no damage.
The kobold hits you with a +0 short sword.
You hit the kobold. You freeze the kobold.
You kill the kobold!
The kobold's corpse degenerates into a cloud of primal chaos!
You start resting.
You are now a BORING thing.
There is a stone staircase leading down here.
You see here a +0 scimitar.
You start resting.
HP restored.
You start waiting.
You are now a toy of Xom.
You start waiting.
Done waiting.
You start waiting.
You are now a favourite toy of Xom.
You start waiting.
Done waiting.
You start waiting. "Take this token of my esteem."
Something appears before you!
d - 4 scrolls labelled GIM RYIFAUMOU (gained 1)
There is a stone staircase leading down here.
You see here a +0 scimitar.
You start waiting.
You hear Xom's avuncular chuckle.
Your body is suffused with distortional energy.
You occasionally lose the ability to read scrolls when taking damage.
You feel frail.
Your magic regains its normal vibrancy.
You start waiting.
Done waiting.
You start waiting.
Done waiting.
Are you sure you want to abandon this character and quit the game? (Confirm with "yes".)

...##..#####.###...#.#####.#
............## ##..........#
#.###..#####.###.#.#.#####.#
#.# #..# ##.#.##.#.# #.# #.#
#..# ##.###.#.#####.#
#.###..######### #.#.......#
.............## #.#..####.#
#.#.###.#....[####.#.)# #.#
#.#.# #...###...@.....# #.#
#.#.###†#.# #.####.##.# #_#
#.#.....#.###......##.# #.#
#.###..##.....#######.# #.#
#.........##.## #.# #.#
#####.÷##.##.# #.# #.#
#..##.##.# #.# #.#
#####..##.##.# ##.## #.#
.............# ##...###.#


There were no monsters in sight!

Vanquished Creatures
  Terence (D:2)
  2 dart slugs (D:1)
  4 bats (D:1)
  An endoplasm (D:1)
  A goblin (D:1)
  5 hobgoblins (D:1)
  4 ball pythons
  A frilled lizard (D:1)
  3 kobolds (D:1)
  4 rats (D:1)
26 creatures vanquished.

Vanquished Creatures (collateral kills)
  A kobold (D:1)
1 creature vanquished.

Grand Total: 27 creatures vanquished

Notes
Turn   | Place    | Note
-------+----------+-------------------------------------------
     0 | D:1      | Xavori the Djinni Chaos Knight began the quest for the Orb.
     0 | D:1      | Reached XP level 1. HP: 20/20 MP: 0/0
    52 | D:1      | Reached XP level 2. HP: 23/25 MP: 0/0
    59 | D:1      | XOM: divination: magic mapping
   166 | D:1      | XOM: draining
   168 | D:1      | Found a faded altar of an unknown god.
   181 | D:1      | XOM: smoke on damage
   319 | D:1      | Reached XP level 3. HP: 27/27 MP: 0/0
   319 | D:1      | Learned a level 1 spell: Sting
   356 | D:1      | Reached skill level 1 in Spellcasting
   356 | D:1      | Reached skill level 1 in Conjurations
   356 | D:1      | Reached skill level 1 in Hexes
   356 | D:1      | Reached skill level 1 in Summonings
   356 | D:1      | Reached skill level 1 in Necromancy
   356 | D:1      | Reached skill level 1 in Translocations
   356 | D:1      | Reached skill level 1 in Fire Magic
   356 | D:1      | Reached skill level 1 in Ice Magic
   356 | D:1      | Reached skill level 1 in Air Magic
   356 | D:1      | Reached skill level 1 in Earth Magic
   356 | D:1      | Reached skill level 1 in Alchemy
   484 | D:1      | Found Lesaopta's General Store.
   949 | D:1      | XOM: give mutations
   949 | D:1      | Gained mutation: You have a pair of small horns on your
                  | head. [Xom's mischief]
   949 | D:1      | Gained mutation: You are robust. (+10% HP) [Xom's mischief]
   949 | D:1      | Gained mutation: Your flesh is almost immune to the effects
                  | of heat. (rF+++) [Xom's mischief]
  1782 | D:1      | XOM: summons 2 hostile demons
  1888 | D:2      | XOM: 2-stop teleportation journey
  1897 | D:2      | Noticed Terence
  1908 | D:2      | Killed Terence
  1909 | D:2      | Reached XP level 4. HP: 13/38 MP: 0/0
  2625 | D:1      | XOM: give mutations
  2625 | D:1      | Gained mutation: You occasionally lose the ability to read
                  | scrolls when taking damage. [Xom's mischief]
  2625 | D:1      | Gained mutation: Your movements are slightly less
                  | encumbered by armour. (ER -2) [Xom's mischief]
  2625 | D:1      | Lost mutation: Your movements are slightly less encumbered
                  | by armour. (ER -2) [Xom's mischief]
  3697 | D:1      | XOM: noise
  4027 | D:1      | XOM: summons 1 hostile shadow creature
  4068 | D:1      | XOM is BORED!
  4068 | D:1      | XOM: give mutations
  4068 | D:1      | Gained mutation: You are dopey. (Int -2) [Xom's mischief]
  4068 | D:1      | Gained mutation: You are occasionally teleported next to
                  | monsters. [Xom's mischief]
  4068 | D:1      | Lost mutation: You occasionally lose the ability to read
                  | scrolls when taking damage. [Xom's mischief]
  4079 | D:1      | XOM: cloud trail
  4312 | D:1      | XOM: cloud trail
  4320 | D:1      | XOM: god gift: scimitar {god gift}
  5269 | D:1      | XOM: god gift: 30 gold pieces
  5410 | D:1      | XOM: give mutations
  5410 | D:1      | Lost mutation: You have a pair of small horns on your head.
                  | [Xom's mischief]
  5410 | D:1      | Gained mutation: Your body sometimes deteriorates upon
                  | taking damage. [Xom's mischief]
  5410 | D:1      | Gained mutation: You are partially covered in iridescent
                  | scales. (AC +2) [Xom's mischief]
  6085 | D:1      | XOM: silly message
  6917 | D:1      | XOM: give mutations
  6917 | D:1      | Gained mutation: Your spells are a little easier to cast,
                  | but a little less powerful. [Xom's mischief]
  6917 | D:1      | Lost mutation: You are dopey. (Int -2) [Xom's mischief]
  6917 | D:1      | Gained mutation: You are weak. (Str -2) [Xom's mischief]
  6917 | D:1      | Lost mutation: Your body sometimes deteriorates upon taking
                  | damage. [Xom's mischief]
  7097 | D:1      | XOM: summons 3 hostile demons
  7098 | D:1      | Noticed a sun demon
  7194 | D:2      | XOM: summons 3 hostile demons
  7195 | D:2      | Noticed a sixfirhy
  7386 | D:1      | XOM: divination: detect items
  7409 | D:1      | XOM: divination: detect creatures
  7578 | D:1      | XOM: silly message
  8081 | D:1      | XOM: divination: detect creatures
  8521 | D:1      | XOM: noise
  8913 | D:1      | XOM: summons 2 hostile demons
  9353 | D:1      | XOM: summons 2 hostile shadow creatures
  9404 | D:1      | XOM is BORED!
  9691 | D:1      | XOM: god gift: scroll labelled GIM RYIFAUMOU {god gift}
  9729 | D:1      | XOM: give mutations
  9729 | D:1      | Gained mutation: You occasionally lose the ability to read
                  | scrolls when taking damage. [Xom's mischief]
  9729 | D:1      | Lost mutation: You are robust. (+10% HP) [Xom's mischief]
  9729 | D:1      | Lost mutation: Your spells are a little easier to cast, but
                  | a little less powerful. [Xom's mischief]
  9930 | D:1      | Quit the game

Illustrated notes

Levels and vault maps discovered:
D:1:      tarquinn_simple_flora_water_b, layout_loops_ring, serial_shops,
          nicolae_lakefront_shop, basic_ecumenical_altar
D:2:      minmay_roachtagon, layout_basic, uniq_terence

Skill      XL: |  1  2  3 |
---------------+----------+-----
Spellcasting   | 1 |  1.3
Conjurations   | 1 |  1.3
Hexes          | 1 |  1.3
Summonings     | 1 |  1.3
Necromancy     | 1 |  1.3
Translocations | 1 |  1.3
Fire Magic     | 1 |  1.3
Ice Magic      | 1 |  1.3
Air Magic      | 1 |  1.3
Earth Magic    | 1 |  1.3
Alchemy        | 1 |  1.3
Long Blades    | 3 |  3.0
Fighting       | |  3.3
Armour         | |  1.6
Dodging        | |  2.6

Action                     |  1- 3 |  4- 6 || total
---------------------------+-------+-------++-------
  Melee: Falchion          |    81 |     7 ||    88
         Headbutt          |     1 |       ||     1
   Stab: Paralysed         |     1 |       ||     1
 Armour: Leather armour    |    60 |    17 ||    77
  Dodge: Dodged            |    47 |     8 ||    55

Table legend: (Time is in decaauts)
 A = Elapsed time spent in this place.
 B = Non-inter-level travel time spent in this place.
 C = Inter-level travel time spent in this place.
 D = Time resting spent in this place.
 E = Time spent auto-exploring this place.
 F = Levels seen in this place.
 G = Mean time per level.
                   A        B        C        D        E       F      G
               +--------+--------+--------+--------+--------+-----+--------+
         Total |   9949 |   9930 |     19 |   9020 |    650 |   2 | 4974.5 |
       Dungeon |   9949 |   9930 |     19 |   9020 |    650 |   2 | 4974.5 |
               +--------+--------+--------+--------+--------+-----+--------+

Top non-repeatable levels by time:
     D:1: 9350 daAuts
     D:2: 599 daAuts
